 Dungeon Crawl Stone Soup version 0.29.1-2-gbd0b4ee654 (webtiles) character file.

Game seed: 2912593535455909308

116 mortz the Covered (level 5, -1/33 HPs)
             Began as a Gargoyle Fighter on Nov 4, 2022.
             Slain by Sigmund
             ... wielding a +0 scythe
              (7 damage)
             ... on level 2 of the Dungeon.
             The game lasted 00:11:24 (2645 turns).

mortz the Covered (Gargoyle Fighter)                Turns: 2645, Time: 00:11:25

Health: -1/33      AC: 12    Str: 21    XL:     5   Next: 1%
Magic:  14/14      EV:  9    Int:  9    God:
Gold:   78         SH:  4    Dex:  9    Spells: 4/4 levels left

rFire   . . .      SeeInvis .   a - +0 flail
rCold   . . .      Faith    .   c - +0 buckler
rNeg    + . .      Spirit   .   b - +0 scale mail
rPois   ∞          Reflect  .   g - +0 helmet
rElec   +          Harm     .   (no cloak)
rCorr   .          Rampage  .   (no gloves)
Will    .....                   (no boots)
Stlth   ..........              (no amulet)
HPRegen 0.11/turn               s - ring of magical power
MPRegen 0.14/turn               (no ring)

@: no status effects
A: sickness immunity, AC +4, negative energy resistance 1, electricity
resistance, torment resistance 1, petrification resistance
a: no special abilities


You were on level 2 of the Dungeon.
You visited 1 branch of the dungeon, and saw 2 of its levels.

You collected 78 gold pieces.

Inventory:

Hand Weapons
 a - a +0 flail (weapon)
 m - a +0 flail
Missiles
 e - 9 stones
 q - an atropa-tipped dart (quivered)
Armour
 b - a +0 scale mail (worn)
 c - a +0 buckler (worn)
 g - a +0 helmet (worn)
Jewellery
 s - a ring of magical power (left hand)
Scrolls
 h - a scroll of identify {unknown}
 j - a scroll of brand weapon {unknown}
 k - a scroll of enchant weapon {unknown}
 l - a scroll of teleportation {unknown}
 o - a scroll of fear {unknown}
Potions
 d - 2 potions of might
 f - 2 potions of brilliance {unknown}
 i - a potion of haste {unknown}
 n - a potion of curing {unknown}
 p - a potion of heal wounds {unknown}
 r - a potion of magic {unknown}


   Skills:
 + Level 3.7 Fighting
 + Level 3.2 Maces & Flails
 + Level 0.2 Throwing
 + Level 4.3 Armour
 + Level 0.7 Dodging
 + Level 0.3 Stealth
 + Level 3.7 Shields


You had 4 spell levels left.
You didn't know any spells.
Your spell library contained the following spells:

 Spells                   Type           Power      Damage    Failure   Level
 Call Canine Familiar     Summ           0%         N/A       99%         3
 Conjure Flame            Conj/Fire      0%         6-21      99%         3
 Ignite Poison            Fire/Tmut/Pois 0%         N/A       99%         3
 Portal Projectile        Hex/Tloc       0%         N/A       99%         3
 Leda's Liquefaction      Hex/Erth       0%         N/A       100%        4
 Sticky Flame             Conj/Fire      0%         2d3       100%        4


Dungeon Overview and Level Annotations

Branches:
Dungeon (2/15) Zot: 9277

Altars:

Annotations:
D:2 Sigmund


Innate Abilities, Weirdness & Mutations

You are immune to sickness and miasma.
Your stone body is resilient. (AC +4)
You are immune to poison.
You resist negative energy. (rN+)
You are resistant to electric shocks. (rElec)
You are resistant to unholy torment.
You are immune to petrification.


Message History

Level annotation: Sigmund Welcome back, mortz the Gargoyle Fighter.
Press ? for a list of commands and other information.
You throw an atropa-tipped dart. The atropa-tipped dart hits Sigmund.
Sigmund appears confused.
Sigmund laughs at nothing.
You throw an atropa-tipped dart. The atropa-tipped dart hits Sigmund.
Sigmund resists.
Sigmund seems less confused.
Sigmund is no longer blind.
Sigmund hits you from afar with a +0 scythe!
You throw an atropa-tipped dart.
The atropa-tipped dart closely misses Sigmund.
You throw an atropa-tipped dart.
The atropa-tipped dart barely misses Sigmund.
Sigmund mumbles some strange words.
Sigmund flickers and vanishes!
Deactivating autopickup; reactivate with Ctrl-A.
Something hits you.
You miss something.
You hear some strange, mumbled words.
A magic dart appears from out of thin air!
The magic dart hits you.
You hit something but do no damage. Something hits you.
You closely miss something.
You hear some strange, mumbled words.
Something tries to affect you, but you resist.
You thump something! Something hits you but does no damage.
You barely miss something. Something hits you but does no damage.
You barely miss something. Something hits you.
You completely miss something. Something hits you but does no damage.
You barely miss something. Something hits you.
* * * LOW HITPOINT WARNING * * *
You miss something. You miss something. Something hits you.
* * * LOW HITPOINT WARNING * * *
You barely miss something. You miss something.
Something hits you but does no damage.
You are too injured to fight recklessly!
You miss something. Something hits you!
You die...

,* *,,,,******#...........##....#
,* *,,,,,,,,,,+........)........'
,* *,,,,,**####....(......#######
,***,,,,** #..............#######
,*,',,,,* #.....................
,*,*,,,,* #...)......##.........
,*,*,,,,* #.....(....##.........
,,,*,,,,* #....{(....###########
,,..,,*** #....@............* #
,,....######....#####........* #
,,.....)..##....# #........####
,,,,,,###.....#######......^.....
,,,,,,#.............#............
,,,,,,#.............#............
,,,,,,#.............#........###.
******#.............#........* #.
#.............#########* #.


There were no monsters in sight!

Vanquished Creatures
  Robin (D:1)
  4 adders
  A worm (D:2)
  4 ball pythons
  6 bats
  4 endoplasms (D:1)
  A giant cockroach (D:2)
  14 goblins
  6 hobgoblins
  2 jackals (D:2)
  3 quokkas (D:1)
  4 frilled lizards
  5 kobolds
  8 rats
63 creatures vanquished.

Notes
Turn   | Place    | Note
-------+----------+-------------------------------------------
     0 | D:1      | mortz the Gargoyle Fighter began the quest for the Orb.
     0 | D:1      | Reached XP level 1. HP: 14/14 MP: 1/1
   159 | D:1      | Reached XP level 2. HP: 19/19 MP: 2/2
   540 | D:1      | Found a faded altar of an unknown god.
   610 | D:1      | Reached XP level 3. HP: 19/23 MP: 3/3
  1294 | D:2      | Noticed Sigmund
  1527 | D:2      | Noticed Robin
  1561 | D:1      | Reached XP level 4. HP: 22/29 MP: 4/4
  1673 | D:1      | Reached skill level 4 in Armour
  1967 | D:1      | Killed Robin
  2209 | D:2      | Reached XP level 5. HP: 33/33 MP: 5/5
  2645 | D:2      | Slain by Sigmund

Illustrated notes

Levels and vault maps discovered:
D:1:      mrwooster_arrival_arrow, layout_rooms,
          hellmonk_ecumenical_altar_zigzags, serial_aquarium,
          aquarium_bridge_square [aquarium_subvault_bridge,
          aquarium_subvault_wall, aquarium_subvault_wall,
          aquarium_subvault_wall], aquarium_bridge_square
          [aquarium_subvault_bridge, aquarium_subvault_balcony,
          aquarium_subvault_window, aquarium_subvault_wall], aquarium_window_1,
          aquarium_window_2, aquarium_view_2d
D:2:      layout_basic, uniq_sigmund, uniq_robin

Skill      XL: |  1  2  3  4 |
---------------+-------------+-----
Armour         | 4 |  4.3
Maces & Flails | 3 |  3.2
Fighting       | |  3.7
Throwing       | |  0.2
Dodging        | |  0.7
Stealth        | |  0.3
Shields        | |  3.7

Action                   |  1- 3 |  4- 6 || total
-------------------------+-------+-------++-------
Melee: Flail             |   142 |    71 ||   213
Throw: Stone             |    13 |     2 ||    15
       Dart              |     7 |     4 ||    11
Armor: Scale mail        |    84 |    54 ||   138
Dodge: Dodged            |    72 |    37 ||   109
Block: Buckler           |    24 |    17 ||    41
